 Dungeon Crawl Stone Soup version 0.19-a0-453-g7eaa1ff (webtiles) character file.

48 GlassEater the Gusty (level 3, -1/16 HPs)
             Began as a Vine Stalker Air Elementalist on June 1, 2016.
             Slain by mamga's ghost (6 damage)
             ... on level 3 of the Dungeon.
             The game lasted 00:06:57 (2083 turns).

GlassEater the Gusty (VSAE)                         Turns: 2083, Time: 00:06:57

Health: -1/16      AC:  2    Str: 10    XL:     3   Next: 72%
Magic:  0/8        EV:  7    Int: 16    God:
Gold:   155        SH:  0    Dex: 14    Spells: 3 memorised, 2 levels left

rFire  . . .     SeeInvis .     (no weapon)
rCold  . . .     Gourm    .     a - +0 robe
rNeg   . . .     Faith    .     (no shield)
rPois  .         Spirit   +     (no helmet)
rElec  .         Dismiss  .     (no cloak)
rCorr  +         Reflect  .     (no gloves)
SustAt .         Harm     .     (no boots)
MR     .....                    (no amulet)
Stlth  ++........               (no ring)
                                d - ring of resist corrosion

@: repel missiles, not resistant to hostile enchantments, unstealthy
A: fangs 2, regeneration 1, magic shield, antimagic bite, no device heal 3, rot
immunity
a: no special abilities


You were on level 3 of the Dungeon.
You were hungry.

You visited 1 branch of the dungeon, and saw 3 of its levels.

You collected 155 gold pieces.

Inventory:

Armour
 a - a +0 robe (worn)
 l - a +0 buckler
Jewellery
 d - a ring of resist corrosion (left hand)
 w - an uncursed amulet of regeneration {unknown}
Scrolls
 i - 2 scrolls of remove curse {unknown}
 m - a scroll of immolation {unknown}
 o - a scroll of magic mapping {unknown}
 p - a scroll of random uselessness {unknown}
 q - a scroll of recharging {unknown}
 r - a scroll of teleportation {unknown}
 t - a scroll of identify {unknown}
Potions
 e - a potion of curing {unknown}
 g - a potion of brilliance {unknown}
 j - 2 potions of berserk rage {unknown}
 k - a potion of lignification {unknown}
 s - a potion of might {unknown}
 u - a potion of degeneration {unknown}
 v - a potion of haste {unknown}
Books
 b - a book of Air

   Spells                             Type                      Level
   a - Shock                          Conjuration/Air              1
   b - Swiftness                      Charms/Air                   2
   c - Repel Missiles                 Charms/Air                   2
   d - Static Discharge               Conjuration/Air              3
   e - Lightning Bolt                 Conjuration/Air              5
Comestibles
 c - 2 bread rations
 f - 2 chunks of flesh
 h - 5 fruits
 n - a meat ration


   Skills:
 + Level 0.1 Fighting
 + Level 1.9 Dodging
 + Level 2.5 Stealth
 + Level 2.7 Spellcasting
 + Level 1.3 Conjurations
 + Level 3.8 Air Magic


You had 2 spell levels left.
You knew the following spells:

 Your Spells              Type           Power        Failure   Level  Hunger
a - Shock                 Conj/Air       ##..         10%         1    #......
b - Repel Missiles        Chrm/Air       #.....       14%         2    ##.....
c - Swiftness             Chrm/Air       #.......     14%         2    ##.....


Dungeon Overview and Level Annotations

Branches:
Dungeon (3/15)

Altars:
Okawaru
The Shining One

Annotations:
D:3 mamga's ghost, amateur DrTm


Innate Abilities, Weirdness & Mutations

You have extremely sharp teeth.
Your natural rate of healing is unusually fast.
When hurt, damage is shared between your health and your magic reserves.
Your bite disrupts and absorbs the magic of your enemies.
Potions and wands cannot restore your health.
You are immune to rotting.


Message History

Mamga's ghost hits you.
Casting: Shock
Confirm with . or Enter, or press ? or * to list all spells.
Aiming: Shock
Press: ? - help, Shift-Dir - straight line, f/p - mamga's ghost
Aim: mamga's ghost (lightly damaged)
The zap hits mamga's ghost.
Mamga's ghost appears unharmed.
Mamga's ghost is lightly damaged.
The zap hits the worm.
The worm is severely wounded.
The zap hits the worm.
The worm is severely wounded.
Mamga's ghost hits you!
Ouch! That really hurt!
* * * LOW HITPOINT WARNING * * *
Found 13 stones and 10 arrows.
Found an escape hatch in the ceiling.
You see here 13 stones.
There is an escape hatch in the ceiling here.
Mamga's ghost hits you!
You die...

.... #.##........#....# #.#
#.###.#............###.#######.#
.. .####.##.########.#.(>.(..# #
####.##.#######....#######
.......#...ww...#..# .#
#.#######....# #.(.# ####.#
###W## #.# #.(@# #.# #.........#
#.# #.#...###.# .# #.##.## # #.#
... #.. #.


You could see mamga's ghost.

Vanquished Creatures
  2 oozes
  A worm (D:2)
  3 bats
  A bat skeleton (D:2)
  3 giant cockroaches (D:1)
  7 goblins
  3 hobgoblins
  A quokka (D:2)
  A giant gecko skeleton (D:2)
  3 giant newts
  6 kobolds
  4 rats
35 creatures vanquished.

Notes
Turn   | Place    | Note
--------------------------------------------------------------
     0 | D:1      | GlassEater the Vine Stalker Air Elementalist began the quest for the Orb.
     0 | D:1      | Reached XP level 1. HP: 9/9 MP: 4/4
   244 | D:1      | Reached XP level 2. HP: 13/13 MP: 3/6
   251 | D:1      | Learned a level 2 spell: Repel Missiles
   261 | D:1      | Learned a level 2 spell: Swiftness
   744 | D:2      | Found a glowing golden altar of the Shining One.
  1085 | D:2      | Reached XP level 3. HP: 16/16 MP: 5/7
  1163 | D:2      | Found an iron altar of Okawaru.
  2033 | D:3      | Noticed mamga's ghost (amateur DrTm)
  2083 | D:3      | Slain by mamga's ghost

Vault maps used:
D:1:      dpeg_arrival_sounds_slurp
D:2:      wad_woods_pond, marbit_many_paths, overflow_temple_1_default,
          serial_undead, serial_undead_f, serial_undead_c, serial_undead_c,
          serial_undead_b, first_bread, kennysheep_generic_room_6
D:3:      minitemple

Action                   || total
-------------------------++-------
Melee: Unarmed           ||    31
       Bite              ||     8
 Cast: Shock             ||    86
       Repel Missiles    ||     1
 Stab: Sleeping          ||     3
  Eat: Chunk             ||     4
Armor: Robe              ||     9
Dodge: Dodged            ||    37
       Deflected         ||     1
